 Dungeon Crawl Stone Soup version 0.29-a0-330-g52719c12eb (webtiles) character file.

Game seed: 7620778383313671195

353 dohliylev the Ruffian (level 6, 0/61 HPs)
             Began as a Troll Berserker on May 10, 2022.
             Was a Believer of Trog.
             Slain by an ogre
             ... wielding a +0 giant club
              (33 damage)
             ... on level 4 of the Dungeon.
             The game lasted 00:05:15 (2792 turns).

dohliylev the Ruffian (Troll Berserker)             Turns: 2792, Time: 00:05:15

Health: 0/61       AC:  4    Str: 28    XL:     6   Next: 35%
Magic:  5/5        EV:  9    Int:  3    God:    Trog [**....]
Gold:   202        SH:  0    Dex:  4    Spells: 5/5 levels left

rFire   + . .      SeeInvis .     - Unarmed
rCold   + + +      Faith    .   (no shield)
rNeg    . . .      Spirit   .   o - +0 robe of the Rose {Fly rC+++ Regen+ Dex-5}
rPois   .          Reflect  .   (helmet restricted)
rElec   .          Harm     .   (no cloak)
rCorr   .          Rampage  .   (gloves unavailable)
Will    .....                   (boots unavailable)
Stlth   +.........              (no amulet)
HPRegen 1.80/turn               h - +4 ring of slaying
MPRegen 0.09/turn               k - ring of protection from fire

@: flying
A: large, unfitting armour, claws 3, regeneration 1, shaggy fur 1, tough skin 1
a: Renounce Religion, Berserk, Trog's Hand


You were on level 4 of the Dungeon.
You worshipped Trog.
Trog was pleased with you.
You visited 1 branch of the dungeon, and saw 4 of its levels.

You collected 202 gold pieces.

Inventory:

Missiles
 a - 6 boomerangs
 d - 3 silver javelins
 j - 4 large rocks
 t - a throwing net (quivered)
Armour
 o - the +0 robe of the Rose (worn) {Fly rC+++ Regen+ Dex-5}
   (You found it on level 3 of the Dungeon)

   Dex:       It affects your dexterity (-5).
   rC:        It renders you almost immune to cold.
   Fly:       It grants you flight.
   Regen:     It increases your rate of health regeneration.
Jewellery
 h - a +4 ring of slaying (left claw)
 k - a ring of protection from fire (right claw)
Wands
 u - a wand of iceblast (1)
Scrolls
 e - a scroll of amnesia {unknown}
 g - 2 scrolls of blinking {unknown}
 i - a scroll of identify {unknown}
 l - a scroll of fear {unknown}
 m - a scroll of teleportation {unknown}
 p - 2 scrolls of fog {unknown}
 q - a scroll of magic mapping {unknown}
 r - a scroll of brand weapon {unknown}
 s - 3 scrolls of noise {unknown}
 v - a scroll of immolation {unknown}
Potions
 b - a potion of heal wounds {unknown}
 c - a potion of lignification {unknown}
 f - 2 potions of mutation {unknown}
 n - a potion of attraction {unknown}
 w - a potion of degeneration {unknown}


   Skills:
 + Level 3.2 Fighting
 + Level 0.6 Throwing
 + Level 3.4 Dodging
 + Level 5.9 Unarmed Combat


You had 5 spell levels left.
You didn't know any spells.
Your spell library was empty.

Dungeon Overview and Level Annotations

Branches:
Dungeon (4/15)
 Temple: D:4-7

Altars:

Shops:
D:2 [   D:4 *[


Innate Abilities, Weirdness & Mutations

You are too large for most types of armour.
You have claws for hands.
Your natural rate of healing is unusually fast.
You are covered in fur. (AC +1)
You have tough skin. (AC +1)


Message History

Found a stone staircase leading down.
A giant cockroach comes into view.
A giant cockroach is nearby!
The giant cockroach barely misses you.
You scratch the giant cockroach.
The giant cockroach is almost dead.
The giant cockroach bites you.
You closely miss the giant cockroach.
The giant cockroach is almost dead.
The giant cockroach barely misses you.
You claw the giant cockroach!
You kill the giant cockroach!
Trog accepts your kill.
g - 2 scrolls labelled KEZEAZA XYFO (gained 1) As you open the door, it creaks loudly!
There is an open door here.
A hobgoblin comes into view.
A hobgoblin is nearby!
A worm comes into view.
The hobgoblin hits you.
You claw the hobgoblin!
You kill the hobgoblin!
Trog accepts your kill.
You mangle the worm!!
You kill the worm!
Trog accepts your kill.
You see here a worm corpse.
Found an escape hatch in the ceiling.
You see here an iguana skeleton.
Things that are here:
a +0 dagger; a goblin skeleton An ogre comes into view.
It is wielding a +0 giant club.
You mangle the ogre!!
The ogre is severely wounded.
The ogre hits you with a +0 giant club!!
You closely miss the ogre.
The ogre is severely wounded.
The ogre hits you with a +0 giant club!!
Ouch! That really hurt!
You die...

.###.##.# .###.##.#
.#......##########
.#.#......รท.)....#
.....#....)#...#.#
##.#.#.###.#.#.#.#
#.#.#.....#.#.#.# #######
#.#.#..####.#.#.###.# #......
##...#.)####.#.#@O...# #.#####
....##.......#.############.# #
....##.##....#.# #.........#####
....##.......#.####.#............
....#####...##....#'#'###########
....# ###.#...#.........##.....
....# #.#..)#..........#...#.
....# #.#...##.........###.#.
....# #.#...###..............


You could see an ogre.

Vanquished Creatures
  A sky beast (D:3)
  An ogre (D:4)
  A gnoll shaman (D:4)
  An iguana (D:4)
  4 gnolls
  An adder (D:2)
  A worm (D:4)
  A dart slug (D:3)
  An orc (D:3)
  A bat (D:1)
  9 endoplasms
  4 giant cockroaches
  8 goblins
  5 hobgoblins
  8 jackals
  2 quokkas
  2 ball pythons
  3 frilled lizards
  7 kobolds
  4 rats
65 creatures vanquished.

Notes
Turn   | Place    | Note
-------+----------+-------------------------------------------
     0 | D:1      | dohliylev the Troll Berserker began the quest for the Orb.
     0 | D:1      | Reached XP level 1. HP: 22/22 MP: 0/0
   160 | D:1      | Reached XP level 2. HP: 29/29 MP: 1/1
   289 | D:1      | Found a faded altar of an unknown god.
   363 | D:1      | Reached XP level 3. HP: 24/36 MP: 2/2
  1264 | D:2      | Found Vifuenem's Antique Armour Emporium.
  1716 | D:2      | Reached skill level 4 in Unarmed Combat
  1824 | D:3      | Noticed a sky beast
  1843 | D:3      | Killed a sky beast
  1844 | D:3      | Reached XP level 4. HP: 18/45 MP: 3/3
  1844 | D:3      | Reached XP level 5. HP: 22/53 MP: 4/4
  1903 | D:3      | Identified the +0 robe of the Rose {Fly rC+++ Regen+ Dex-5}
  2013 | D:3      | Reached ** piety under Trog
  2368 | D:4      | Noticed an ogre
  2370 | D:4      | Killed an ogre
  2371 | D:4      | Reached skill level 5 in Unarmed Combat
  2394 | D:4      | Found Panwyrgh's Antique Armour Boutique.
  2527 | D:4      | Reached XP level 6. HP: 53/61 MP: 5/5
  2575 | D:4      | Found Ydilen's Assorted Antiques.
  2792 | D:4      | Slain by an ogre

Illustrated notes

Levels and vault maps discovered:
D:1:      mrwooster_arrival_statue_3, layout_loops_ring, basic_ecumenical_altar
D:2:      minmay_spotlight, layout_loops_corners, serial_shops,
          nicolae_shop_trees
D:3:      layout_basic
D:4:      layout_basic, serial_shops, shop, shop

Skill      XL: |  1  2  3  4  5 |
---------------+----------------+-----
Unarmed Combat | 4 5 |  5.9
Fighting       | 3 |  3.2
Dodging        | 3 |  3.4
Throwing       | |  0.6

Action                   |  1- 3 |  4- 6 || total
-------------------------+-------+-------++-------
Melee: Unarmed           |    92 |    47 ||   139
       Punch             |     2 |     1 ||     3
Throw: Javelin           |     4 |       ||     4
       Large rock        |       |     2 ||     2
Invok: Berserk           |     1 |       ||     1
Armor: Animal skin       |    28 |       ||    28
       Robe              |       |    12 ||    12
Dodge: Dodged            |    38 |    11 ||    49

Table legend: (Time is in decaauts)
 A = Elapsed time spent in this place.
 B = Non-inter-level travel time spent in this place.
 C = Inter-level travel time spent in this place.
 D = Time resting spent in this place.
 E = Time spent auto-exploring this place.
 F = Levels seen in this place.
 G = Mean time per level.
                   A        B        C        D        E       F      G
               +--------+--------+--------+--------+--------+-----+--------+
         Total |   2797 |   2624 |    173 |     37 |   2103 |   4 |  699.2 |
       Dungeon |   2797 |   2624 |    173 |     37 |   2103 |   4 |  699.2 |
               +--------+--------+--------+--------+--------+-----+--------+

Top non-repeatable levels by time:
     D:2: 1032 daAuts
     D:1: 788 daAuts
     D:3: 545 daAuts
     D:4: 431 daAuts
